AoeStats
← BenJames

Arena

507877800Analyzed
2v2 RM · 11d ago on Sep 20, 2026· 24m 46s· 4 players
Game mode
Random Map
Map size
Medium (4 player)
Population
200
Speed
Normal
Resources
Standard
Victory
Conquest
Starting age
Dark Age
Ending age
Imperial Age
RankedLock teamsTeams togetherTeam positionsShared explorationLock speedFull tech treeHidden civsTurbo modeCheats
Victory
Defeat
🇦🇷 Turks · Argentina
1089
+16
🇦🇷 Celts · Argentina
1089
+16
🇦🇺 Spanish · Australia
1095
-17
🇨🇴 Malians · Colombia
1067
-15
BenJames
11:28 Feudal Age
15:22 Castle Age
14:13 Double-Bit Axe
14:10 Horse Collar
14:25 Stone Mining
16:10 Loom
17:01 Wheelbarrow
16:41 Bow Saw
18:52 Heavy Plow
23:27 Scale Mail Armor
nfdaddy5334
9:55 Feudal Age
10:28 Double-Bit Axe
14:38 Castle Age
13:59 Loom
15:08 Wheelbarrow
21:24 Fletching
PAULXI
11:11 Feudal Age
15:09 Castle Age
13:14 Horse Collar
13:21 Double-Bit Axe
15:39 Wheelbarrow
16:06 Bow Saw
16:31 Heavy Plow
19:42 Scale Mail Armor
19:53 Forging
25:19 Hand Cart
jbeltrankrisciunas
3:42 Loom
11:20 Feudal Age
11:48 Loom
15:45 Castle Age
13:43 Double-Bit Axe
16:34 Wheelbarrow
16:38 Horse Collar
19:18 Fletching
Connection lost

Rejoining the realm…

Still unreachable

The connection could not be restored.

Session expired

The server has moved on; the page needs a fresh start.